 Dungeon Crawl Stone Soup version 0.30-a0-341-g682706514a (webtiles) character file.

Game seed: 9942412221591143031

30 sanka the Caller (level 2, 0/20 HPs)
             Began as a Demigod Summoner on Nov 1, 2022.
             Slain by a black bear (7 damage)
             ... on level 2 of the Dungeon.
             The game lasted 00:02:30 (943 turns).

sanka the Caller (Demigod Summoner)                  Turns: 943, Time: 00:02:30

Health: 0/20       AC:  2    Str:  9    XL:     2   Next: 84%
Magic:  5/7        EV: 12    Int: 17    God:
Gold:   90         SH:  0    Dex: 14    Spells: 2/5 levels left

rFire   . . .      SeeInvis .    m - +2 short sword (elec)
rCold   . . .      Faith    .    (no shield)
rNeg    . . .      Spirit   .    a - +0 robe
rPois   .          Reflect  .    (no helmet)
rElec   .          Harm     .    (no cloak)
rCorr   .          Rampage  .    (no gloves)
Will    .....                    (no boots)
Stlth   ++........               (no amulet)
HPRegen 0.23/turn                (no ring)
MPRegen 0.10/turn                (no ring)

@: no status effects
A: high MP 1, forlorn, divine attributes
a: no special abilities


You were on level 2 of the Dungeon.
You visited 1 branch of the dungeon, and saw 2 of its levels.

You collected 90 gold pieces.


Innate Abilities, Weirdness & Mutations

You have an increased reservoir of magic. (+10% MP)
You shall have no god before yourself.
Your divine heritage dramatically boosts your attributes as you level up.


   Skills:
 - Level 1.7 Dodging
 - Level 1.7 Stealth
 - Level 2.0 Spellcasting
 + Level 4.4 Summonings


You had 2 spell levels left.
You knew the following spells:

 Your Spells              Type           Power      Damage    Failure   Level
x - Call Imp              Summ           16%        N/A       4%          2
z - Summon Small Mammal   Summ           64%        N/A       3%          1

Your spell library contained the following spells:

 Spells                   Type           Power      Damage    Failure   Level
 Beastly Appendage        Tmut           2%         N/A       19%         1
 Cigotuvi's Dreadful Rot  Necr/Pois/Air  2%         N/A       28%         2
 Poisonous Vapours        Pois/Air       2%         N/A       28%         2
 Wereblood                Tmut           1%         N/A       28%         2
 Call Canine Familiar     Summ           16%        N/A       10%         3
 Summon Guardian Golem    Hex/Summ       9%         N/A       24%         3
 Mephitic Cloud           Conj/Pois/Air  1%         N/A       50%         3
 Spider Form              Tmut/Pois      1%         N/A       50%         3
 Summon Lightning Spire   Summ/Air       9%         N/A       61%         4

Inventory:

Hand Weapons
 k - a +0 dagger
 m - a +2 short sword of electrocution (weapon)
Armour
 a - a +0 robe (worn)
 j - a +0 cloak
Magical Staves
 h - a staff of earth
Scrolls
 d - 2 scrolls of magic mapping {unknown}
 e - a scroll of vulnerability {unknown}
 g - a scroll of summoning {unknown}
 l - a scroll of teleportation {unknown}
Potions
 b - a potion of magic
 c - a potion of curing {unknown}
 f - 2 potions of brilliance {unknown}
 i - a potion of lignification {unknown}

Dungeon Overview and Level Annotations

Branches:
Dungeon (2/15)

▒▒▒▒.▒▒▒†▒... ..5
▒........▒▒▒.▒....
▒..........▒.K..£.
▒...†....▒..▒▒.▒
▒........▒£.▒ ..
▒......).▒▒.▒▒
▒............▒
▒▒▒............▒
.......p.......▒
▒..?.▒.h.†.....▒
▒....▒..5......▒
▒.." ▒.........▒
.. ▒.........▒ .
▒▒........▒
▒.▒▒▒▒▒▒▒▒ ▒.▒ ▒.


You could see a black bear (ally target) and a friendly white imp (summoned).


Message History

You hear the crackle of electricity.
m - a +2 short sword of electrocution (weapon)
You start resting.
An endoplasm comes into view.
Your white imp gestures at the endoplasm.
The puff of frost hits the endoplasm!
The endoplasm dies!
A ball python comes into view.
Found a thick amethyst amulet.
You see here a +0 quarterstaff.
The ball python hisses angrily.
Your white imp gestures at the ball python.
The puff of frost hits the ball python!
The ball python dies!
A black bear comes into view.
Your white imp barely misses the black bear.
Your white imp gestures at the black bear.
The puff of frost hits the black bear.
Your white imp hits the black bear.
Your white imp freezes the black bear.
The black bear bites you! The black bear claws you. The black bear claws you.
* * * LOW HITPOINT WARNING * * *
Your white imp gestures at the black bear.
The puff of frost hits the black bear.
You hit the black bear.
The black bear is almost dead.
The black bear bites you!
You die...

Action                   || total
-------------------------++-------
Melee: Unarmed           ||    25
       Dagger            ||     1
       Short sword       ||     1
 Cast: Summon Small Mamm ||    17
       Call Imp          ||    13
 Stab: Sleeping          ||     1
Armor: Robe              ||     9
Dodge: Dodged            ||    16

Levels and vault maps discovered:
D:1:      heliophobic_arrival_henge, layout_rooms, ebering_ecumenical_altar_webs
D:2:      layout_basic

Notes
Turn   | Place    | Note
-------+----------+-------------------------------------------
     0 | D:1      | sanka the Demigod Summoner began the quest for the Orb.
     0 | D:1      | Reached XP level 1. HP: 14/14 MP: 5/5
   116 | D:1      | Reached skill level 2 in Spellcasting
   302 | D:1      | Reached skill level 4 in Summonings
   302 | D:1      | Reached XP level 2. HP: 20/20 MP: 4/7
   330 | D:1      | Learned a level 2 spell: Call Imp
   560 | D:1      | HP: 1/20 [endoplasm (2)]
   936 | D:2      | Noticed a black bear
   943 | D:2      | Slain by a black bear

Vanquished Creatures
  A bat (D:2)
  A rat (D:1)
2 creatures vanquished.

Vanquished Creatures (collateral kills)
  A dart slug (D:1)
  7 endoplasms
  A giant cockroach (D:2)
  2 goblins (D:1)
  2 hobgoblins (D:1)
  2 quokkas (D:1)
  3 ball pythons
  2 bats (D:1)
  2 kobolds
22 creatures vanquished.

Grand Total: 24 creatures vanquished
